 Dungeon Crawl Stone Soup version 0.31-a0-268-g4392ee761c (webtiles) character file.

Game seed: 998829563091595380

351 qw the Shooter (level 6, -2/52 HPs)
             Began as a Minotaur Hexslinger on July 14, 2023.
             Killed by divine providence
             ... invoked by an orc priest
              (9 damage)
             ... on level 5 of the Dungeon.
             The game lasted 00:01:01 (2523 turns).

qw the Shooter (Minotaur Hexslinger)                Turns: 2523, Time: 00:01:01

Health: -2/52      AC:  5    Str: 13    XL:     6   Next: 34%
Magic:  6/6        EV: 11    Int: 10    God:
Gold:   191        SH:  0    Dex: 14    Spells: 6/7 levels left

rFire   . . .        Y - +5 longbow
rCold   . . .        (shield currently unavailable)
rNeg    . . .        b - +0 ring mail
rPois   +            (helmet restricted)
rElec   .            (no cloak)
rCorr   .            (no gloves)
SInv    .            (no boots)
Will    .....        (no amulet)
Stlth   +            f - ring of poison resistance
HPRegen 0.28/turn    (no ring)
MPRegen 0.10/turn

%: no passive effects
@: no status effects
A: horns 2, retaliatory headbutt
a: no special abilities


You were on level 5 of the Dungeon.
You visited 1 branch of the dungeon, and saw 6 of its levels.

You collected 191 gold pieces.


Innate Abilities, Weirdness & Mutations

You have a pair of horns on your head.
You reflexively headbutt those who attack you in melee.


   Skills:
 - Level 4.1 Fighting
 + Level 6.3 Ranged Weapons
 - Level 1.1 Armour
 - Level 2.1 Dodging
 - Level 1.0 Spellcasting
 - Level 2.0 Hexes


You had 6 spell levels left.
You knew the following spells:

 Your Spells              Type           Power      Damage    Failure   Level
a - Slow                  Hex            16%        N/A       32%         1

Your spell library contained the following spells:

 Spells                   Type           Power      Damage    Failure   Level
 Inner Flame              Hex/Fire       2%         N/A       82%         3
 Portal Projectile        Hex/Tloc       4%         N/A       82%         3
 Cause Fear               Hex            2%         N/A       97%         4

Inventory:

Hand Weapons
 Y - a +5 longbow (weapon)
Armour
 b - a +0 ring mail (worn)
Jewellery
 f - a ring of poison resistance (left hand)
Potions
 a - a potion of haste
 e - a potion of degeneration {unknown}

Dungeon Overview and Level Annotations

Branches:
Dungeon (6/15)
 Temple: D:4-7

Altars:

Shops:
D:2 (

Annotations:
D:6 1 runed translucent door, qw's ghost, novice DEHu


Message History

You shoot an arrow. The arrow hits the orc priest.
You kill the orc priest!
The orc closely misses you.
An orc priest comes into view. It is wielding a +0 dagger.
The black bear closely misses you. x2
The black bear claws you but does no damage.
The orc misses you. You furiously retaliate!
You headbutt the orc, but do no damage. The orc misses you.
The orc hits you with a +0 club.
The black bear bites you but does no damage.
The black bear claws you but does no damage. x2
The orc barely misses you. You furiously retaliate!
You headbutt the orc!
You kill the orc!
The orc priest moves out of view.
You shoot an arrow. The arrow hits the orc!
You kill the orc!
The orc hits you with a +0 club. The black bear barely misses you.
The black bear claws you but does no damage.
The black bear barely misses you.
You shoot an arrow. The arrow hits the black bear.
The black bear is moderately wounded.
The orc hits you but does no damage. The black bear bites you.
The black bear closely misses you. The black bear barely misses you.
You shoot an arrow. The arrow hits the black bear!
The black bear is severely wounded.
The orc completely misses you. The black bear bites you.
The black bear claws you.
The black bear claws you but does no damage.
The black bear bites you but does no damage.
The black bear claws you.
The black bear claws you but does no damage.
The orc hits you with a +0 club.
An orc comes into view. It is wielding a +0 short sword.
You shoot an arrow. The arrow hits the black bear.
The black bear is severely wounded.
The orc misses you.
The black bear goes berserk!
The orc hits you with a +0 club.
The orc priest mumbles some strange prayers to Beogh against you.
Beogh smites you!
You die...

##### . #.....
.. #...... :..#
###.......
.o...#.........
(....o[.)......
......h@.......
......o))......
...............
...............
...............
.............?.
.............[.
.....#..!......


You could see a black bear (berserk), an orc priest and 2 orcs.

Vanquished Creatures
  A scorpion (D:6)
  An orc priest (D:5)
  An iguana (D:6)
  Terence (D:3)
  7 gnolls (D:3)
  6 adders
  3 dart slugs (D:2)
  5 orcs
  8 ball pythons
  5 bats
  5 endoplasms
  A giant cockroach (D:3)
  4 goblins
  6 hobgoblins
  2 jackals (D:1)
  10 kobolds
  A quokka (D:2)
  5 frilled lizards
  6 rats
78 creatures vanquished.

Notes
Turn   | Place    | Note
-------+----------+-------------------------------------------
     0 | D:1      | qw the Minotaur Hexslinger began the quest for the Orb.
     0 | D:1      | Reached XP level 1. HP: 16/16 MP: 1/1
     0 | D:1      | 0 ||| qw: Version: 0.3-a-52-g30416fa
     0 | D:1      | 0 ||| qw: Game counter: 7945
     0 | D:1      | 0 ||| qw: Melee chars always use a shield: true
     0 | D:1      | 0 ||| qw: God list: Okawaru
     0 | D:1      | 0 ||| qw: Allow faded altars: false
     0 | D:1      | 0 ||| qw: Do Orc after clearing Dungeon:15 true
     0 | D:1      | 0 ||| qw: Do second Lair branch before Depths: true
     0 | D:1      | 0 ||| qw: Lair rune preference: random
     0 | D:1      | 0 ||| qw: Goals: Normal
     0 | D:1      | 0 ||| PLANNING D:1-11
   188 | D:1      | Reached skill level 3 in Ranged Weapons
   189 | D:1      | Reached XP level 2. HP: 23/23 MP: 2/2
   203 | D:1      | 203 ||| FLEEEEING.
   204 | D:1      | 204 ||| FLEEEEING.
   205 | D:1      | 205 ||| FLEEEEING.
   206 | D:1      | 206 ||| FLEEEEING.
   207 | D:1      | 207 ||| FLEEEEING.
   208 | D:1      | 208 ||| FLEEEEING.
   209 | D:1      | 209 ||| FLEEEEING.
   210 | D:1      | 210 ||| FLEEEEING.
   212 | D:1      | 212 ||| FLEEEEING.
   213 | D:1      | 213 ||| FLEEEEING.
   214 | D:1      | 214 ||| FLEEEEING.
   216 | D:1      | 216 ||| FLEEEEING.
   218 | D:1      | 218 ||| FLEEEEING.
   219 | D:1      | 219 ||| FLEEEEING.
   220 | D:1      | 220 ||| FLEEEEING.
   223 | D:1      | 223 ||| FLEEEEING.
   224 | D:1      | 224 ||| FLEEEEING.
   225 | D:1      | 225 ||| FLEEEEING.
   603 | D:1      | Found a faded altar of an unknown god.
   765 | D:1      | 765 ||| UPGRADING to +0 leather armour.
   775 | D:1      | 775 ||| DROPPING +0 robe.
   776 | D:1      | 776 ||| UPGRADING to ring of poison resistance.
   777 | D:1      | 777 ||| DROPPING +6 ring of intelligence.
   778 | D:1      | 778 ||| READING scroll labelled QEIPAT LIR WAQE.
   783 | D:1      | 783 ||| READING scroll labelled RAGUEF RISEBB.
   784 | D:1      | 784 ||| DROPPING scroll of poison.
   836 | D:2      | Reached XP level 3. HP: 28/29 MP: 3/3
   896 | D:2      | Found Mileff's Antique Weapon Boutique.
   929 | D:2      | 929 ||| SHOPLISTING polished sling (182 gold, have 32).
  1059 | D:2      | Reached skill level 4 in Ranged Weapons
  1156 | D:2      | 1156 ||| SWAPPING to +0 orcbow.
  1157 | D:2      | 1157 ||| DROPPING +1 sling.
  1285 | D:2      | Reached XP level 4. HP: 36/36 MP: 4/4
  1685 | D:2      | 1685 ||| UPGRADING to +0 ring mail.
  1695 | D:2      | 1695 ||| DROPPING +0 leather armour.
  1696 | D:2      | 1696 ||| READING scroll labelled KABRECEUZI.
  1696 | D:2      | Identified a scroll of acquirement
  1696 | D:2      | 1696 ||| ACQUIRING +5 longbow
  1696 | D:2      | Acquired a +5 longbow
  1698 | D:2      | 1698 ||| SWAPPING to +5 longbow.
  1699 | D:2      | 1699 ||| DROPPING +0 orcbow.
  1700 | D:2      | 1700 ||| READING scroll labelled VUIFAT ATRAC.
  1701 | D:2      | 1701 ||| READING scroll labelled UKLOAL HUBRERPHUAR.
  1702 | D:2      | 1702 ||| DRINKING 2 bubbling cyan potions.
  1829 | D:3      | Reached skill level 1 in Armour
  1835 | D:3      | Reached skill level 5 in Ranged Weapons
  1904 | D:3      | Reached XP level 5. HP: 42/42 MP: 5/5
  1931 | D:3      | Noticed Terence
  1934 | D:3      | Killed Terence
  1935 | D:3      | Reached skill level 3 in Fighting
  2400 | D:3      | 2400 ||| READING 2 scrolls labelled FITSOL HYSOKEJ.
  2401 | D:3      | 2401 ||| READING scroll labelled PYEBO EVULA.
  2402 | D:3      | 2402 ||| READING scroll labelled VOEVEH ORGHIL.
  2403 | D:3      | 2403 ||| READING scroll labelled TEXKUMPO VAOC.
  2404 | D:3      | 2404 ||| DROPPING scroll of fear.
  2420 | D:4      | You fall into a shaft and drop 2 floors!
  2431 | D:6      | Reached skill level 6 in Ranged Weapons
  2443 | D:6      | Reached XP level 6. HP: 48/52 MP: 6/6
  2462 | D:6      | Found a runed translucent door.
  2466 | D:6      | Noticed qw's ghost (novice DEHu)
  2515 | D:5      | Entered Level 5 of the Dungeon
  2522 | D:5      | HP: 13/52 [black bear (3)]
  2523 | D:5      | Killed from afar by an orc priest

Levels and vault maps discovered:
D:1:      tarquinn_simple_flora_water_a, layout_loops_ring,
          shapermc_ecumenical_altar_flowoftime
D:2:      layout_basic, serial_shops, nicolae_shop_waterfront
D:3:      layout_loops_ring, uniq_terence
D:4:      layout_rooms, grunt_temple_overflow_champion_of_chaos,
          nicolae_overflow_hidden_temple, lexackson_kobold_supper
D:5:      layout_rooms
D:6:      layout_rooms, ebering_ghost_sewer_d, kennysheep_donut

Skill      XL: |  1  2  3  4  5 |
---------------+----------------+-----
Ranged Weapons | 3 4 5 6 |  6.3
Fighting       | 2 4 |  4.1
Armour         | 1 |  1.1
Dodging        | |  2.1
Spellcasting   | |  1.0
Hexes          | |  2.0

Action                     |  1- 3 |  4- 6 || total
---------------------------+-------+-------++-------
   Fire: Sling             |   112 |       ||   112
         Orcbow            |    12 |    13 ||    25
         Longbow           |       |    71 ||    71
    Use: Scroll            |     2 |     7 ||     9
         Potion            |       |     1 ||     1
 Armour: Robe              |     7 |       ||     7
         Leather armour    |     6 |     3 ||     9
         Ring mail         |       |    20 ||    20
  Dodge: Dodged            |    40 |    32 ||    72

Table legend:
 A = Non-vault XP
 B = Vault XP
 C = Vault XP percentage of total XP
 D = Non-vault monster count
 E = Vault monster count
 F = Vault count percentage of total count
                 A         B        C        D         E       F
            +---------+---------+-------+---------+---------+-------
      Total |     464 |      38 |   7.6 |      77 |       1 |   1.3
            +---------+---------+-------+---------+---------+-------
        D:1 |      36 |       0 |   0.0 |      22 |       0 |   0.0
        D:2 |      70 |       0 |   0.0 |      24 |       0 |   0.0
        D:3 |     167 |      38 |  18.5 |      25 |       1 |   3.8
        D:5 |      50 |       0 |   0.0 |       3 |       0 |   0.0
        D:6 |     141 |       0 |   0.0 |       3 |       0 |   0.0
            +---------+---------+-------+---------+---------+-------
